| TOP OF THE 1ST |
|
Great Falls Voyagers batting - Pitching for Boston (APP) Red Sox : RHP Su-wu Yang
|
|
Pitching: RHP Su-wu Yang
|
|
|
Batting: SHB Jay Gagnon
|
0-0: Ball 1-0: Called Strike 1-1: Ball 2-1: Ball 3-1: Base on Balls
|
|
Batting: RHB Mike Rosa
|
0-0: Ball 1-0: Ball Jay Gagnon is caught stealing 2nd base 2-4 2-0: Called Strike 2-1: Foul Ball, location: 2F 2-2: Foul Ball, location: 2F 2-2: Ball 3-2: Ground out 6-3 (Groundball, 6M, EV 102.5 MPH)
|
|
Batting: RHB Duncan Collins
|
0-0: Ball 1-0: Ball 2-0: Ball 3-0: Called Strike 3-1: Swinging Strike 3-2: Strikes out swinging
|
| Top of the 1st over - 0 runs, 0 hits, 0 errors, 0 left on base; Great Falls 0 - Boston (APP) 0 |
| BOTTOM OF THE 1ST |
|
Boston (APP) Red Sox batting - Pitching for Great Falls Voyagers : RHP Dicky Goedhart
|
|
Pitching: RHP Dicky Goedhart
|
|
|
Batting: RHB Tony Nunez
|
0-0: Called Strike 0-1: Fly out, F7 (Line Drive, 7S, EV 95.6 MPH)
|
|
Batting: SHB Salvador Padilla
|
0-0: Foul Ball, location: 2F 0-1: Foul Ball, location: 2F 0-2: DOUBLE (Line Drive, 9LD, EV 105.6 MPH)
|
|
Batting: LHB Carlos Guerra
|
0-0: Ball 1-0: Called Strike 1-1: Called Strike 1-2: Ball 2-2: Strikes out swinging
|
|
Batting: RHB Dave Burwell
|
0-0: Ball 1-0: Ball 2-0: Fly out, F3 (Popup, 3SF, EV 82.5 MPH)
|
| Bottom of the 1st over - 0 runs, 1 hit, 0 errors, 1 left on base; Great Falls 0 - Boston (APP) 0 |
| TOP OF THE 2ND |
|
Great Falls Voyagers batting - Pitching for Boston (APP) Red Sox : RHP Su-wu Yang
|
|
Batting: RHB Andy Cotton
|
0-0: Ball 1-0: SINGLE (Groundball, 6S, EV 63.1 MPH) (infield hit)
|
|
Batting: RHB Mitch Cuadros
|
0-0: Called Strike 0-1: Ball 1-1: 2-RUN HOME RUN (Flyball, 7D, EV 96.2 MPH), Distance : 386 ft
|
|
Batting: RHB David Rhodes
|
0-0: Ball 1-0: Called Strike 1-1: Ball 2-1: Foul Ball, location: 2F 2-2: Ball 3-2: Ground out 4-3 (Groundball, 4, EV 76.2 MPH)
|
|
Batting: RHB Tommy Ellington
|
0-0: Ball 1-0: Ball 2-0: Ball 3-0: Called Strike 3-1: Called Strike 3-2: Foul Ball, location: 2F 3-2: Base on Balls
|
|
Batting: RHB Billy Grubbs
|
0-0: Ball Wild Pitch! Tommy Ellington to second 1-0: Ball 2-0: Ball Wild Pitch! Tommy Ellington to third 3-0: Called Strike 3-1: Fly out, F8 (Flyball, 8LM, EV 92.5 MPH) Runner from 3rd tags up, SCORES, throw by CF
|
|
Batting: RHB Kasey Bland
|
0-0: Ball 1-0: Ball 2-0: Ball 3-0: Called Strike 3-1: Base on Balls
|
|
Batting: SHB Jay Gagnon
|
0-0: Called Strike Kasey Bland steals 2nd base (no throw) 0-1: Ball 1-1: Ball 2-1: Ball 3-1: Foul Ball, location: 2F 3-2: 2-RUN HOME RUN (Flyball, 78XD, EV 103.1 MPH), Distance : 410 ft
|
|
Batting: RHB Mike Rosa
|
0-0: Called Strike 0-1: Ball 1-1: Ball 2-1: Foul Ball, location: 2F 2-2: SINGLE (Line Drive, 89S, EV 90.6 MPH)
|
|
Batting: RHB Duncan Collins
|
0-0: Called Strike Mike Rosa steals 2nd base 0-1: Ball 1-1: Called Strike 1-2: Ball 2-2: Ball 3-2: Strikes out swinging
|
| Top of the 2nd over - 5 runs, 4 hits, 0 errors, 1 left on base; Great Falls 5 - Boston (APP) 0 |
| BOTTOM OF THE 2ND |
|
Boston (APP) Red Sox batting - Pitching for Great Falls Voyagers : RHP Dicky Goedhart
|
|
Batting: RHB Jim Hubbard
|
0-0: Swinging Strike 0-1: Called Strike 0-2: Ball 1-2: Ball 2-2: Strikes out swinging
|
|
Batting: LHB Mike Hutcheson
|
0-0: Ball 1-0: Ball 2-0: Ball 3-0: Base on Balls
|
|
Batting: RHB Miguel Villanueva
|
0-0: Called Strike 0-1: Ball 1-1: Fielders Choice at 2nd, 3-6 (Groundball, 3, EV 99.4 MPH)
|
|
Batting: RHB Tony Gallegos
|
0-0: Swinging Strike 0-1: SINGLE (Groundball, 5D, EV 102.5 MPH) Miguel Villanueva to second
|
|
Batting: RHB Joe Booth
|
0-0: Swinging Strike 0-1: Ball 1-1: Foul Ball, location: 2F 1-2: Ball 2-2: Foul Ball, location: 2F 2-2: Ball 3-2: Foul Ball, location: 2F 3-2: Ground out 6-3 (Groundball, 6, EV 99.4 MPH)
|
| Bottom of the 2nd over - 0 runs, 1 hit, 0 errors, 2 left on base; Great Falls 5 - Boston (APP) 0 |
| TOP OF THE 3RD |
|
Great Falls Voyagers batting - Pitching for Boston (APP) Red Sox : RHP Su-wu Yang
|
|
Batting: RHB Andy Cotton
|
0-0: Ball 1-0: Called Strike 1-1: Foul Ball, location: 2F 1-2: Ball 2-2: Foul Ball, location: 2F 2-2: SINGLE (Groundball, 6D, EV 104.4 MPH)
|
|
Batting: RHB Mitch Cuadros
|
0-0: Called Strike 0-1: Ball 1-1: Ball 2-1: Ball 3-1: Called Strike 3-2: Base on Balls Andy Cotton to second
|
|
Batting: RHB David Rhodes
|
0-0: SINGLE (Groundball, 4MD, EV 98.1 MPH) Andy Cotton to third Mitch Cuadros to second Runner from 3rd tries for Home, SAFE, throw by CF to home
|
|
Pitching: RHP Danny Marquez
|
|
|
Batting: RHB Tommy Ellington
|
0-0: Called Strike 0-1: Ball 1-1: Swinging Strike 1-2: Ball 2-2: Ball 3-2: Strikes out swinging
|
|
Batting: RHB Billy Grubbs
|
0-0: Ball 1-0: Swinging Strike 1-1: Called Strike 1-2: Fly out, F8 (Flyball, 78M, EV 91.9 MPH)
|
|
Batting: RHB Kasey Bland
|
0-0: Fielders Choice at 2nd, 6-4 (Groundball, 56, EV 95.0 MPH)
|
| Top of the 3rd over - 1 run, 2 hits, 0 errors, 2 left on base; Great Falls 6 - Boston (APP) 0 |
| BOTTOM OF THE 3RD |
|
Boston (APP) Red Sox batting - Pitching for Great Falls Voyagers : RHP Dicky Goedhart
|
|
Batting: RHB Tony Nunez
|
0-0: Ground out 6-3 (Groundball, 6, EV 88.8 MPH)
|
|
Batting: SHB Salvador Padilla
|
0-0: Foul Ball, location: 2F 0-1: Ball 1-1: Fly out, F8 (Flyball, 8RD, EV 100.0 MPH)
|
|
Batting: LHB Carlos Guerra
|
0-0: Ball 1-0: Called Strike 1-1: Ball 2-1: Foul Ball, location: 2F 2-2: Ground out U3 (Groundball, 34S, EV 80.0 MPH)
|
| Bottom of the 3rd over - 0 runs, 0 hits, 0 errors, 0 left on base; Great Falls 6 - Boston (APP) 0 |
| TOP OF THE 4TH |
|
Great Falls Voyagers batting - Pitching for Boston (APP) Red Sox : RHP Danny Marquez
|
|
Batting: SHB Jay Gagnon
|
0-0: Ball 1-0: DOUBLE (Flyball, 8LD, EV 106.9 MPH)
|
|
Batting: RHB Mike Rosa
|
0-0: Ball 1-0: Ball 2-0: Ball Wild Pitch! Jay Gagnon to third 3-0: Called Strike 3-1: Foul Ball, location: 2F 3-2: Base on Balls
|
|
Batting: RHB Duncan Collins
|
0-0: Called Strike 0-1: Ball 1-1: SINGLE (Groundball, 6MD, EV 95.0 MPH) Jay Gagnon scores Mike Rosa to second
|
|
Batting: RHB Andy Cotton
|
0-0: Ball 1-0: Foul Ball, location: 2F 1-1: Ball 2-1: Ball 3-1: Grounds into double play, 4-6-3 (Groundball, 4, EV 106.2 MPH) Mike Rosa to third
|
|
Batting: RHB Mitch Cuadros
|
0-0: Called Strike 0-1: Ball 1-1: Ball 2-1: Called Strike 2-2: Ball 3-2: Base on Balls
|
|
Batting: RHB David Rhodes
|
0-0: Called Strike 0-1: Called Strike 0-2: Strikes out swinging
|
| Top of the 4th over - 1 run, 2 hits, 0 errors, 2 left on base; Great Falls 7 - Boston (APP) 0 |
| BOTTOM OF THE 4TH |
|
Boston (APP) Red Sox batting - Pitching for Great Falls Voyagers : RHP Dicky Goedhart
|
|
Batting: RHB Dave Burwell
|
0-0: Ball 1-0: Called Strike 1-1: Ground out 6-3 (Groundball, 6, EV 89.4 MPH)
|
|
Batting: RHB Jim Hubbard
|
0-0: Ball 1-0: Foul Ball, location: 2F 1-1: Ground out 5-3 (Groundball, 5, EV 76.9 MPH)
|
|
Batting: LHB Mike Hutcheson
|
0-0: Ball 1-0: Swinging Strike 1-1: Ball 2-1: Ball 3-1: DOUBLE (Flyball, 8RXD, EV 106.9 MPH)
|
|
Batting: RHB Miguel Villanueva
|
0-0: Called Strike 0-1: Swinging Strike 0-2: Foul Ball, location: 2F 0-2: Ball 1-2: Ball 2-2: Foul Ball, location: 2F 2-2: Ball 3-2: SINGLE (Flyball, 89S, EV 91.9 MPH) Mike Hutcheson to third
|
|
Batting: RHB Tony Gallegos
|
0-0: Ball 1-0: Fly out, F8 (Flyball, 8RD, EV 90.6 MPH)
|
| Bottom of the 4th over - 0 runs, 2 hits, 0 errors, 2 left on base; Great Falls 7 - Boston (APP) 0 |
| TOP OF THE 5TH |
|
Great Falls Voyagers batting - Pitching for Boston (APP) Red Sox : RHP Danny Marquez
|
|
Batting: RHB Tommy Ellington
|
0-0: Called Strike 0-1: Hit by Pitch
|
|
Batting: RHB Billy Grubbs
|
0-0: Foul Ball, location: 2F 0-1: Ball 1-1: Foul Ball, location: 2F 1-2: Strikes out swinging
|
|
Batting: RHB Kasey Bland
|
0-0: Called Strike 0-1: Ball 1-1: Foul Ball, location: 2F 1-2: Ball 2-2: Strikes out looking
|
|
Batting: SHB Jay Gagnon
|
0-0: Ball 1-0: Ball 2-0: Swinging Strike Balk! Tommy Ellington to second 2-1: Swinging Strike 2-2: Ball 3-2: Base on Balls
|
|
Batting: RHB Mike Rosa
|
0-0: Foul Ball, location: 2F 0-1: Called Strike 0-2: Strikes out swinging
|
| Top of the 5th over - 0 runs, 0 hits, 0 errors, 2 left on base; Great Falls 7 - Boston (APP) 0 |
| BOTTOM OF THE 5TH |
|
Boston (APP) Red Sox batting - Pitching for Great Falls Voyagers : RHP Dicky Goedhart
|
|
Batting: RHB Joe Booth
|
0-0: Called Strike 0-1: Foul Ball, location: 2F 0-2: Ball 1-2: Ground out 4-3 (Groundball, 4, EV 76.2 MPH)
|
|
Batting: RHB Tony Nunez
|
0-0: Called Strike 0-1: Ball 1-1: Ball 2-1: Ball 3-1: Base on Balls
|
|
Batting: SHB Salvador Padilla
|
0-0: Called Strike 0-1: Ball 1-1: Reached on error, E3 (Groundball, 3S, EV 84.4 MPH) Tony Nunez to second
|
|
Batting: LHB Carlos Guerra
|
0-0: Called Strike 0-1: Foul Ball, location: 2F 0-2: Fielders Choice at 2nd, 3-6 (Groundball, 3, EV 88.1 MPH) Tony Nunez to third
|
|
Batting: RHB Dave Burwell
|
0-0: Swinging Strike 0-1: Foul Ball, location: 2F 0-2: Foul Ball, location: 2F 0-2: Strikes out swinging
|
| Bottom of the 5th over - 0 runs, 0 hits, 1 error, 2 left on base; Great Falls 7 - Boston (APP) 0 |
| TOP OF THE 6TH |
|
Great Falls Voyagers batting - Pitching for Boston (APP) Red Sox : RHP Danny Marquez
|
|
Pitching: RHP Dan Jenkins
|
|
|
Batting: RHB Duncan Collins
|
0-0: Foul Ball, location: 2F 0-1: Ground out 6-3 (Groundball, 6, EV 81.2 MPH)
|
|
Batting: RHB Andy Cotton
|
0-0: Ball 1-0: Foul Ball, location: 2F 1-1: Ball 2-1: SOLO HOME RUN (Flyball, 7D, EV 100.6 MPH), Distance : 371 ft
|
|
Batting: RHB Mitch Cuadros
|
0-0: Ball 1-0: Fly out, F5 (Line Drive, 56, EV 68.1 MPH)
|
|
Batting: RHB David Rhodes
|
0-0: Ball 1-0: Foul Ball, location: 2F 1-1: Ball 2-1: SINGLE (Line Drive, 7S, EV 103.8 MPH)
|
|
Batting: RHB Tommy Ellington
|
0-0: Swinging Strike 0-1: TRIPLE (Flyball, 78XD, EV 95.6 MPH) David Rhodes scores
|
|
Batting: RHB Billy Grubbs
|
0-0: Ball 1-0: Ball 2-0: Called Strike 2-1: Ball 3-1: Foul Ball, location: 2F 3-2: Foul Ball, location: 2F 3-2: Strikes out looking
|
| Top of the 6th over - 2 runs, 3 hits, 0 errors, 1 left on base; Great Falls 9 - Boston (APP) 0 |
| BOTTOM OF THE 6TH |
|
Boston (APP) Red Sox batting - Pitching for Great Falls Voyagers : RHP Dicky Goedhart
|
|
Batting: RHB Jim Hubbard
|
0-0: Called Strike 0-1: SINGLE (Line Drive, 9S, EV 100.0 MPH)
|
|
Batting: LHB Mike Hutcheson
|
0-0: Swinging Strike 0-1: Ball Jim Hubbard steals 2nd base 1-1: SINGLE (Groundball, 6MD, EV 103.1 MPH) Jim Hubbard to third Runner from 3rd tries for Home, SAFE, throw by CF to home Mike Hutcheson to second
|
|
Batting: RHB Miguel Villanueva
|
0-0: Called Strike 0-1: Ball 1-1: Ball 2-1: Ground out 6-3 (Groundball, 6, EV 84.4 MPH)
|
|
Batting: RHB Tony Gallegos
|
0-0: Ground out 4-3 (Groundball, 4, EV 111.2 MPH) Mike Hutcheson to third
|
|
Batting: RHB Joe Booth
|
0-0: Ball 1-0: Foul Ball, location: 2F 1-1: Swinging Strike 1-2: Ball 2-2: Ball 3-2: Reached on error, E6 (Groundball, 6M, EV 101.2 MPH) Mike Hutcheson scores
|
|
Batting: RHB Tony Nunez
|
0-0: Called Strike Joe Booth steals 2nd base 0-1: Ball 1-1: SINGLE (Groundball, 34D, EV 95.0 MPH) Joe Booth to third Runner from 3rd tries for Home, SAFE, throw by RF to home
|
|
Pitching: RHP Ivan Gaona
|
|
|
Batting: SHB Salvador Padilla
|
0-0: Called Strike Tony Nunez steals 2nd base 0-1: Ground out 5-3 (Groundball, 56, EV 83.8 MPH)
|
| Bottom of the 6th over - 3 runs, 3 hits, 1 error, 1 left on base; Great Falls 9 - Boston (APP) 3 |
| TOP OF THE 7TH |
|
Great Falls Voyagers batting - Pitching for Boston (APP) Red Sox : RHP Dan Jenkins
|
|
Pitching: RHP Josiah Russell
|
|
|
Batting: RHB Kasey Bland
|
0-0: Ball 1-0: Called Strike 1-1: Ball 2-1: Ball 3-1: Base on Balls
|
|
Batting: SHB Jay Gagnon
|
0-0: Called Strike 0-1: Ball 1-1: Ball 2-1: Called Strike Kasey Bland steals 2nd base 2-2: Ball 3-2: Fly out, F7 (Flyball, 7S, EV 95.6 MPH)
|
|
Batting: RHB Mike Rosa
|
0-0: Ball 1-0: Ball 2-0: Ball 3-0: Base on Balls
|
|
Batting: RHB Duncan Collins
|
0-0: Ball Kasey Bland steals 3rd base Mike Rosa to second 1-0: Ball 2-0: Ball 3-0: Called Strike 3-1: Base on Balls
|
|
Pitching: RHP Tyler Tomblin
|
|
|
Batting: RHB Andy Cotton
|
0-0: Called Strike 0-1: Called Strike 0-2: Ball 1-2: Foul Ball, location: 2F 1-2: Ball 2-2: Foul Ball, location: 2F 2-2: Fielders Choice at 2nd, 6-4 (Groundball, 6, EV 92.5 MPH) Kasey Bland scores Mike Rosa to third
|
|
Batting: RHB Mitch Cuadros
|
0-0: Ball 1-0: Ball 2-0: Fielders Choice at 2nd, 6-4 (Groundball, 6, EV 86.2 MPH)
|
| Top of the 7th over - 1 run, 0 hits, 0 errors, 2 left on base; Great Falls 10 - Boston (APP) 3 |
| BOTTOM OF THE 7TH |
|
Boston (APP) Red Sox batting - Pitching for Great Falls Voyagers : RHP Ivan Gaona
|
|
Batting: LHB Carlos Guerra
|
0-0: Called Strike 0-1: Ball 1-1: Ground out 1-3 (Groundball, 13S, EV 66.9 MPH)
|
|
Batting: RHB Dave Burwell
|
0-0: Ball 1-0: Swinging Strike 1-1: Foul Ball, location: 2F 1-2: Foul Ball, location: 2F 1-2: Fly out, F9 (Flyball, 9, EV 85.6 MPH)
|
|
Batting: RHB Jim Hubbard
|
0-0: Ball 1-0: Foul Ball, location: 2F 1-1: Ball 2-1: Ball 3-1: Base on Balls
|
|
Batting: LHB Mike Hutcheson
|
0-0: Ball Jim Hubbard steals 2nd base (no throw) 1-0: Ball 2-0: Called Strike 2-1: Foul Ball, location: 2F 2-2: Ball 3-2: Base on Balls
|
|
Pitching: LHP Ray Sowers
|
|
|
Batting: RHB Miguel Villanueva
|
0-0: Foul Ball, location: 2F 0-1: Ball 1-1: Ground out 5-3 (Groundball, 5S, EV 65.0 MPH)
|
| Bottom of the 7th over - 0 runs, 0 hits, 0 errors, 2 left on base; Great Falls 10 - Boston (APP) 3 |
| TOP OF THE 8TH |
|
Great Falls Voyagers batting - Pitching for Boston (APP) Red Sox : RHP Tyler Tomblin
|
|
Batting: RHB David Rhodes
|
0-0: Ball 1-0: Foul Ball, location: 2F 1-1: Foul Ball, location: 2F 1-2: Strikes out swinging
|
|
Batting: RHB Tommy Ellington
|
0-0: Foul Ball, location: 2F 0-1: SOLO HOME RUN (Flyball, 78XD, EV 103.8 MPH), Distance : 419 ft
|
|
Batting: RHB Billy Grubbs
|
0-0: Ball 1-0: Ball 2-0: SINGLE (Groundball, 56D, EV 111.2 MPH) (infield hit)
|
|
Pitching: LHP Anton Lara
|
|
|
Batting: RHB Kasey Bland
|
0-0: Ball 1-0: Called Strike Billy Grubbs is caught stealing 2nd base 2-4 1-1: Ball 2-1: Ball 3-1: Foul Ball, location: 2F 3-2: Base on Balls
|
|
Batting: SHB Jay Gagnon
|
0-0: Called Strike Kasey Bland steals 2nd base (no throw) 0-1: Ball 1-1: Ball 2-1: Foul Ball, location: 2F 2-2: Foul Ball, location: 2F 2-2: SINGLE (Flyball, 34D, EV 94.4 MPH) Kasey Bland to third Runner from 3rd tries for Home, throw by RF and OUT! 9-2
|
| Top of the 8th over - 1 run, 3 hits, 0 errors, 1 left on base; Great Falls 11 - Boston (APP) 3 |
| BOTTOM OF THE 8TH |
|
Boston (APP) Red Sox batting - Pitching for Great Falls Voyagers : LHP Ray Sowers
|
|
Batting: RHB Tony Gallegos
|
0-0: Ball 1-0: SOLO HOME RUN (Flyball, 7D, EV 99.4 MPH), Distance : 392 ft
|
|
Batting: RHB Joe Booth
|
0-0: Called Strike 0-1: Ball 1-1: Foul Ball, location: 2F 1-2: Ball 2-2: Ball 3-2: SINGLE (Groundball, 25, EV 63.1 MPH) (infield hit)
|
|
Batting: RHB Tony Nunez
|
0-0: Ball 1-0: Called Strike 1-1: Fielders Choice at 2nd, 4-6 (Groundball, 34, EV 91.2 MPH)
|
|
Batting: SHB Salvador Padilla
|
0-0: Ball 1-0: Ball 2-0: Fielders Choice at 2nd, 4-6 (Groundball, 34D, EV 89.4 MPH)
|
|
Batting: LHB Carlos Guerra
|
0-0: Ball 1-0: Ball 2-0: Ball 3-0: Called Strike 3-1: Base on Balls Salvador Padilla to second
|
|
Pitching: RHP Alec Guglielmo
|
|
|
Batting: RHB Dave Burwell
|
0-0: Foul Ball, location: 2F 0-1: Ball 1-1: DOUBLE (Groundball, 5L, EV 105.6 MPH) Salvador Padilla scores Carlos Guerra to third
|
|
Batting: RHB Jim Hubbard
|
0-0: Ball 1-0: Swinging Strike 1-1: TRIPLE (Line Drive, 89XD, EV 106.9 MPH) Carlos Guerra scores Dave Burwell scores
|
|
Batting: LHB Mike Hutcheson
|
0-0: Ball 1-0: SINGLE (Groundball, 6MS, EV 66.9 MPH) (infield hit) Jim Hubbard scores
|
|
Batting: RHB Miguel Villanueva
|
0-0: Foul Ball, location: 2F 0-1: Swinging Strike 0-2: Foul Ball, location: 2F 0-2: Foul Ball, location: 2F 0-2: Ball Wild Pitch! Mike Hutcheson to second 1-2: Foul Ball, location: 2F 1-2: DOUBLE (Line Drive, 89D, EV 113.1 MPH) Mike Hutcheson scores
|
|
Batting: RHB Tony Gallegos
|
0-0: Ball 1-0: Called Strike 1-1: DOUBLE (Groundball, 5L, EV 101.2 MPH) Miguel Villanueva scores
|
|
Pitching: LHP Yusufu Mustafa
|
|
|
Batting: RHB Joe Booth
|
0-0: Fly out, F8 (Line Drive, 8RM, EV 96.2 MPH)
|
| Bottom of the 8th over - 7 runs, 7 hits, 0 errors, 1 left on base; Great Falls 11 - Boston (APP) 10 |
| TOP OF THE 9TH |
|
Great Falls Voyagers batting - Pitching for Boston (APP) Red Sox : LHP Anton Lara
|
|
Batting: RHB Mike Rosa
|
0-0: Ball 1-0: Ball 2-0: Ball 3-0: Base on Balls
|
|
Batting: RHB Duncan Collins
|
0-0: Ball Mike Rosa steals 2nd base 1-0: Ball 2-0: Called Strike 2-1: Swinging Strike 2-2: Ball 3-2: Base on Balls
|
|
Batting: RHB Andy Cotton
|
0-0: Foul Ball, location: 2F 0-1: Ball 1-1: Swinging Strike 1-2: Ball 2-2: Ball 3-2: Base on Balls Mike Rosa to third Duncan Collins to second
|
|
Batting: RHB Mitch Cuadros
|
0-0: Ball 1-0: Called Strike 1-1: Grounds into fielders choice 5-2 (Groundball, 56S, EV 78.8 MPH) Duncan Collins to third Andy Cotton to second
|
|
Batting: RHB David Rhodes
|
0-0: Ball 1-0: DOUBLE (Groundball, 5L, EV 108.8 MPH) Duncan Collins scores Andy Cotton scores Mitch Cuadros to third
|
|
Batting: RHB Tommy Ellington
|
0-0: Called Strike 0-1: Ball 1-1: Foul Ball, location: 2F 1-2: Ball 2-2: Strikes out swinging
|
|
Batting: RHB Billy Grubbs
|
0-0: Ball 1-0: Swinging Strike 1-1: 3-RUN HOME RUN (Flyball, 78XD, EV 106.2 MPH), Distance : 412 ft
|
|
Batting: RHB Kasey Bland
|
0-0: Ball 1-0: SINGLE (Groundball, 6MS, EV 65.6 MPH) (infield hit)
|
|
Batting: SHB Jay Gagnon
|
0-0: DOUBLE (Line Drive, 7LM, EV 101.9 MPH) Kasey Bland to third Runner from 3rd tries for Home, SAFE, throw by LF to trailing runner, OUT at third! 7-3-5
|
| Top of the 9th over - 6 runs, 4 hits, 0 errors, 0 left on base; Great Falls 17 - Boston (APP) 10 |
| BOTTOM OF THE 9TH |
|
Boston (APP) Red Sox batting - Pitching for Great Falls Voyagers : LHP Yusufu Mustafa
|
|
Batting: RHB Tony Nunez
|
0-0: Fly out, F6 (Line Drive, 6, EV 65.6 MPH)
|
|
Batting: SHB Salvador Padilla
|
0-0: Ball 1-0: Foul Ball, location: 2F 1-1: Ball 2-1: SINGLE (Groundball, 6D, EV 105.6 MPH)
|
|
Batting: LHB Carlos Guerra
|
0-0: Foul Ball, location: 2F 0-1: Foul Ball, location: 2F 0-2: Ball 1-2: Foul Ball, location: 2F 1-2: SINGLE (Line Drive, 6D, EV 106.9 MPH) Salvador Padilla to second
|
|
Batting: RHB Dave Burwell
|
0-0: Foul Ball, location: 2F 0-1: DOUBLE (Groundball, 5L, EV 100.6 MPH) Salvador Padilla scores Carlos Guerra to third
|
|
Batting: RHB Jim Hubbard
|
0-0: Called Strike 0-1: Ball 1-1: Foul Ball, location: 2F 1-2: Ball 2-2: Ball 3-2: Foul Ball, location: 2F 3-2: Foul Ball, location: 2F 3-2: 3-RUN HOME RUN (Flyball, 89XD, EV 102.5 MPH), Distance : 418 ft
|
|
Pitching: RHP Chris Worster
|
|
|
Now in RF: Jeff Alphonso
|
|
|
Batting: LHB Mike Hutcheson
|
0-0: Ball 1-0: Fly out, F6 (Popup, 6MD, EV 51.2 MPH)
|
|
Batting: RHB Miguel Villanueva
|
0-0: Ball 1-0: Ball 2-0: Fly out, F9 (Flyball, 9LD, EV 93.8 MPH)
|
| Bottom of the 9th over - 4 runs, 4 hits, 0 errors, 0 left on base; Great Falls 17 - Boston (APP) 14 |
|